 Dungeon Crawl Stone Soup version 0.22.1-1-ga44c0e5 (webtiles) character file.

166 miragecloak the Changer (level 5, 0/40 HPs)
             Began as a Draconian Transmuter on Oct 22, 2018.
             Killed from afar by a kobold (13 damage)
             ... with a wand of acid (8)
             ... on level 3 of the Dungeon on Oct 23, 2018.
             The game lasted 00:04:04 (2897 turns).

miragecloak the Changer (Draconian Transmuter)      Turns: 2897, Time: 00:04:05

Health: 0/40       AC: -2    Str: 13    XL:     5   Next: 22%
Magic:  5/8        EV: 19    Int: 13    God:
Gold:   94         SH:  0    Dex: 17    Spells: 4/8 levels left

rFire    . . .     SeeInvis .     - Unarmed
rCold    . . .     Gourm    .   (shield currently unavailable)
rNeg     . . .     Faith    .   (armour unavailable)
rPois    x         Spirit   .   (helmet currently unavailable)
rElec    .         Reflect  .   (cloak currently unavailable)
rCorr    .         Harm     .   (gloves currently unavailable)
MR       .....                  (boots currently unavailable)
Stlth    ++........             (no amulet)
HPRegen  0.13/turn              (no ring)
MPRegen  0.11/turn              (no ring)

@: spider-form (expiring), corroded
A: tiny, unfitting armour, AC +5
a: End Transformation


You were on level 3 of the Dungeon.
You were not hungry.
You were a venomous arachnid creature.
You visited 1 branch of the dungeon, and saw 3 of its levels.

You collected 94 gold pieces.

Inventory:

Missiles
 a - 23 arrows
Jewellery
 h - an uncursed amulet of rage
Scrolls
 g - 2 scrolls of identify {unknown}
 j - a scroll of blinking {unknown}
 k - 3 scrolls of teleportation {unknown}
 l - a scroll of amnesia {unknown}
 p - a scroll of fear {unknown}
 q - a scroll of immolation {unknown}
Potions
 b - a potion of degeneration {unknown}
 d - a potion of lignification
 e - 2 potions of haste {unknown}
 f - a potion of curing {unknown}
 i - a potion of invisibility {unknown}
 m - a potion of ambrosia {unknown}
 o - a potion of magic {unknown}
Comestibles
 c - 5 rations
 n - 3 chunks of flesh


   Skills:
 - Level 1.1 Fighting
 - Level 1.7 Dodging
 + Level 3.3 Unarmed Combat
 - Level 2.0 Spellcasting
 - Level 4.1 Transmutations
 - Level 3.0 Poison Magic


You had 4 spell levels left.
You knew the following spells:

 Your Spells              Type           Power        Failure   Level  Hunger
a - Beastly Appendage     Tmut           ##....       14%         1    ##.....
b - Spider Form           Tmut/Pois      ##........   38%         3    ####...

Your spell library contained the following spells:

 Spells                   Type           Power        Failure   Level  Hunger
 Sticks to Snakes         Tmut           ##......     19%         2    ###....
 Ice Form                 Ice/Tmut       #.......     88%         4    #####..
 Blade Hands              Tmut           ##........   91%         5    ######.


Dungeon Overview and Level Annotations

Branches:
Dungeon (3/15)

Altars:
Fedhas
Ru
Uskayaw
Zin

Annotations:
D:3 1 runed door, Yawgmoth's ghost, amateur DsWz


Innate Abilities, Weirdness & Mutations

((Your plain brown scales are hard. (AC +5)))
You cannot fit into any form of body armour.
((You are cold-blooded and may be slowed by cold attacks.))


Message History

A kobold comes into view. It is wielding a rapier.
The kobold shouts!
A jackal comes into view. x2; A gnoll comes into view.
Found a stone staircase leading down.
Casting: Spider Form (safe; 19% risk of failure)
Confirm with . or Enter, or press ? or * to list all spells.
You turn into a venomous arachnid creature.
The gnoll shouts!
The jackal barks! x2; You hear a bark!
A jackal comes into view.
A gnoll comes into view. It is wielding a spear.
A jackal comes into view.
The jackal bites you.
The kobold zaps a wand.
The bolt of acid hits you! The acid corrodes you!
You are splashed with acid!
The acid burns!
It is a wand of acid (8).
Your transformation is almost over.
The kobold zaps a wand.
The bolt of acid hits the jackal.
The jackal is splashed with acid.
The jackal dies!
The bolt of acid hits you!
You die...

.....##
.......<.....#
####...
(............#
## ...
.............###
.##..#
...............#
.....#
#.........######
...#...
#...####.##
....... ..#S
#..# ....... .##
##.## .###...
#.s### ### ..# #
#....## ... ..
#.#.h...## ...
#.gK.....# ....
#...h.......#
....
............h#
....
.........).....
....
..............<.
. .
...........>...g


You could see a gnoll, 3 jackals and a kobold.

Vanquished Creatures
  Jessica (D:3)
  An orc wizard (D:3)
  4 adders
  An ooze (D:3)
  A worm (D:2)
  4 dart slugs
  A leopard gecko (D:1)
  5 orcs (D:3)
  9 bats
  2 giant cockroaches
  6 goblins
  4 hobgoblins
  4 jackals (D:2)
  7 kobolds
  A quokka (D:2)
  A ball python (D:2)
  6 frilled lizards
  4 rats (D:1)
62 creatures vanquished.

Vanquished Creatures (others)
  A jackal (D:3)
1 creature vanquished.

Grand Total: 63 creatures vanquished

Notes
Turn   | Place    | Note
-------+----------+-------------------------------------------
     0 | D:1      | miragecloak the Draconian Transmuter began the quest for
                  | the Orb.
     0 | D:1      | Reached XP level 1. HP: 16/16 MP: 3/3
   203 | D:1      | Reached XP level 2. HP: 15/23 MP: 5/5
   434 | D:1      | Reached skill level 3 in Transmutations
   815 | D:1      | Reached XP level 3. HP: 27/28 MP: 4/6
  1185 | D:2      | Learned a level 3 spell: Spider Form
  1224 | D:2      | Noticed Jessica
  1239 | D:3      | Killed Jessica
  1239 | D:3      | Reached skill level 4 in Transmutations
  1239 | D:3      | Reached skill level 1 in Poison Magic
  1239 | D:3      | Reached XP level 4. HP: 9/35 MP: 1/7
  2093 | D:2      | Found a hide-covered altar of Uskayaw.
  2171 | D:2      | Found a sacrificial altar of Ru.
  2172 | D:2      | Found a glowing silver altar of Zin.
  2174 | D:2      | Found a blossoming altar of Fedhas.
  2782 | D:3      | Found a runed door.
  2786 | D:3      | Noticed Yawgmoth's ghost (amateur DsWz)
  2804 | D:3      | Reached XP level 5. HP: 39/40 MP: 1/8
  2897 | D:3      | Killed from afar by a kobold

Skill      XL: |  1  2  3  4  5 |
---------------+----------------+-----
Transmutations | 3 4 |  4.1
Poison Magic   | 1 2 3 |  3.0
Fighting       | |  1.1
Dodging        | |  1.7
Unarmed Combat | |  3.3
Spellcasting   | |  2.0

Action                   |  1- 3 |  4- 6 || total
-------------------------+-------+-------++-------
Melee: Unarmed           |   129 |    84 ||   213
       Kick              |     5 |     3 ||     8
       Tailslap          |    10 |     1 ||    11
       Headbutt          |     8 |       ||     8
       Punch             |     2 |     1 ||     3
 Cast: Beastly Appendage |    14 |     4 ||    18
       Spider Form       |       |    10 ||    10
  Use: Potion            |       |     1 ||     1
  Eat: Chunk             |     1 |     8 ||     9
Armor: Skin              |    37 |    21 ||    58
Dodge: Dodged            |    85 |    40 ||   125
